 Dungeon Crawl Stone Soup version 0.28.0-55-gcd9437bce4 (webtiles) character file.

Game seed: 4866764955158944362

17547 cbfl8 the Cleaver (level 12, -13/94 HPs)
             Began as a Demonspawn Berserker on Dec 1, 2022.
             Was a High Priest of Trog.
             Killed by divine providence
             ... invoked by a meliai
              (15 damage)
             ... on level 12 of the Dungeon on Dec 2, 2022.
             The game lasted 00:31:11 (14179 turns).

cbfl8 the Cleaver (Demonspawn Berserker)           Turns: 14179, Time: 00:31:11

Health: -13/94     AC: 22    Str: 18    XL:     12   Next: 19%
Magic:  12/12      EV: 11    Int:  9    God:    Trog [*****.]
Gold:   1637       SH: 15    Dex: 17    Spells: 11/11 levels left

rFire   . . .      SeeInvis .   y - +2 war axe (flame)
rCold   + . .      Faith    .   L - +0 kite shield
rNeg    . . .      Spirit   .   S - +1 chain mail {rC+}
rPois   .          Reflect  +   n - +0 helmet
rElec   .          Harm     .   m - +1 cloak {rCorr}
rCorr   +          Rampage  .   (no gloves)
Will    .....                   (no boots)
Stlth   +.........              f - amulet of reflection
HPRegen 0.25/turn               d - +4 ring of protection
MPRegen 0.13/turn               r - +4 ring of protection

@: mighty, about to teleport
A: claws 2, powered by death 1, sturdy frame 2, demonic magic 2
a: Renounce Religion, Berserk, Trog's Hand, Brothers in Arms


You were on level 12 of the Dungeon.
You worshipped Trog.
Trog was extremely pleased with you.
You visited 1 branch of the dungeon, and saw 12 of its levels.
You also visited: Bailey.

You collected 1688 gold pieces.
You spent 51 gold pieces at shops.

Inventory:

Hand Weapons
 b - a +2 battleaxe of freezing
 y - a +2 war axe of flaming (weapon)
 C - a +0 broad axe of draining
Missiles
 z - a throwing net
Armour
 m - a +1 cloak of preservation (worn)
 n - a +0 helmet (worn)
 q - a +0 pair of gloves
 L - a +0 kite shield (worn)
 S - a +1 chain mail of cold resistance (worn)
Jewellery
 d - a +4 ring of protection (left claw)
 f - an amulet of reflection (around neck)
 o - an amulet of regeneration
 r - a +4 ring of protection (right claw)
 t - a ring of fire
Wands
 a - a wand of flame (27)
 w - a wand of paralysis (7)
 H - a wand of acid (5) (quivered)
 K - a wand of mindburst (6)
 P - a wand of iceblast (7)
Scrolls
 e - a scroll of fog
 k - 4 scrolls of fear
 u - 2 scrolls of holy word
 B - 4 scrolls of teleportation
 F - a scroll of enchant weapon
 G - a scroll of magic mapping
 I - a scroll of amnesia {unknown}
 J - 2 scrolls of noise {unknown}
 M - a scroll of enchant armour
 Q - a scroll of identify
Potions
 c - 2 potions of mutation {unknown}
 g - 3 potions of might
 h - 2 potions of berserk rage {unknown}
 i - 4 potions of brilliance {unknown}
 j - 2 potions of lignification {unknown}
 l - a potion of curing {unknown}
 p - 3 potions of heal wounds {unknown}
 s - 4 potions of flight {unknown}
 v - 3 potions of degeneration {unknown}
 x - 3 potions of attraction {unknown}
 A - a potion of magic {unknown}
 E - 2 potions of resistance {unknown}
 N - a potion of haste {unknown}
 R - a potion of invisibility {unknown}
Miscellaneous
 D - a piece from Xom's chessboard (15/15)
 O - a tin of tremorstones (2/2)


   Skills:
 * Level 8.4 Fighting
 * Level 12.5 Axes
 + Level 5.4 Armour
 * Level 6.9 Dodging
 + Level 2.5 Stealth
 + Level 4.1 Shields
 * Level 7.4 Evocations


You had 11 spell levels left.
You didn't know any spells.
Your spell library was empty.

Dungeon Overview and Level Annotations

Branches:
Dungeon (12/15)            Temple (0/1) D:6            Lair (0/6) D:8
    Orc (0/2) D:11         Bailey (visited)

Altars:
The Shining One

Shops:
D:5 ?   D:11 *![   D:12 *

Annotations:
D:4 2 transporters, GigaChad's ghost, amateur MiFi; Pikel


Innate Abilities, Weirdness & Mutations

You have very sharp fingernails.
You regenerate a little health from kills.
Your movements are less encumbered by armour. (ER -4)
Spells you cast may paralyse nearby enemies.


Message History

The killer bee stings you but does no damage.
You block the meliai's attack. x2; You block the killer bee's attack.
The killer bee closely misses you. The killer bee stings you.
The meliai closely misses you.
The meliai stings you but does no damage.
You feel sick. You block the killer bee's attack.
The killer bee stings you but does no damage.
The killer bee closely misses you.
The meliai calls upon its god to heal the meliai.
The meliai is healed somewhat.
You block the killer bee's attack. The meliai hits you but does no damage.
The meliai stings you but does no damage.
You feel sick.
The meliai invokes the aid of its god against you.
Something smites you!
* * * LOW HITPOINT WARNING * * *
You block the killer bee's attack.
The killer bee stings you but does no damage.
The killer bee closely misses you.
The meliai hits you with a +2 hand axe of freezing!
* * * LOW HITPOINT WARNING * * *
The meliai freezes you.
* * * LOW HITPOINT WARNING * * *
You block the meliai's attack.
You feel sick.
The meliai mumbles some strange prayers to its god against you.
Something smites you!
* * * LOW HITPOINT WARNING * * *
Unknown command.
It was a potion of might.
You feel very mighty all of a sudden.
Your surroundings seem slightly different.
You feel sick.
You are no longer poisoned.
Okay, then.
As you read the scroll of teleportation, it crumbles to dust.
You feel strangely unstable.
The meliai calls down the wrath of its god upon you.
Something smites you!
You die...

####....^.[.# .....#..........#
###....####.....##.#.....###.####
#...#####....#####.#..#.## #.#
.....# #..#..# #.#....# #.#
..##.........#####....##......#
........##...##...............#
..####.............#####......#
....# .##.......)..#.?!#......#
#..)##.###......@..#=#[#......#
.......###..#....#.#'''#......#
#..................y.y......###
....#...#..#...#+++#.#......##
...............# #..y......####
#.#..###.......# #..y....#.....
..[............#####......###....
............##..#.........# ##...
..........................# ##)..


You could see 2 meliai and a killer bee.

Vanquished Creatures
  Josephine (D:10)
  A hydra (D:11)
  A boulder beetle (D:10)
  4 two-headed ogres
  An orc knight (Bailey)
  A deep elf pyromancer (D:12)
  An ugly thing (D:7)
  A cyclops (D:12)
  Maggie (D:10)
  2 gargoyles
  2 unseen horrors (D:11)
  A komodo dragon (D:10)
  2 trolls
  Grinder (D:3)
  17 yaks
  Sigmund (D:4)
  5 wraiths
  2 shadows
  Grum (D:10)
  2 vampire mosquitoes (D:10)
  An acid dragon (D:8)
  2 wargs
  3 water moccasins
  A sky beast (D:4)
  6 orc warriors
  A black bear (D:5)
  2 ogres (D:7)
  6 wolves
  2 centaurs
  4 kobold brigands (Bailey)
  3 lemures (D:4)
  4 scorpions
  A wyvern zombie (D:5)
  2 bullfrogs
  A water moccasin skeleton (D:5)
  4 killer bees (D:10)
  5 wights (D:8)
  A howler monkey (D:6)
  2 electric eels (D:8)
  3 centaur zombies
  4 hounds
  A bullfrog skeleton (D:6)
  Crazy Yiuf (D:3)
  3 gnoll shamans
  7 orc priests
  A centaur skeleton (D:5)
  4 jellies
  3 iguanas
  9 orc wizards
  A killer bee zombie (D:5)
  A hound skeleton (D:4)
  A howler monkey zombie (D:8)
  A howler monkey skeleton (D:7)
  13 adders
  14 gnolls
  A white imp (D:6)
  An ufetubus (D:6)
  A worm (D:3)
  5 dart slugs
  35 orcs
  10 ball pythons
  7 endoplasms
  6 giant cockroaches
  11 goblins
  8 hobgoblins
  3 jackals (D:4)
  4 quokkas
  5 bats
  4 frilled lizards
  14 kobolds
  8 rats
289 creatures vanquished.

Vanquished Creatures (others)
  2 plants (D:4)
2 creatures vanquished.

Grand Total: 291 creatures vanquished

Notes
Turn   | Place    | Note
-------+----------+-------------------------------------------
     0 | D:1      | cbfl8 the Demonspawn Berserker began the quest for the Orb.
     0 | D:1      | Reached XP level 1. HP: 18/18 MP: 1/1
   110 | D:1      | Gained mutation: Your movements are slightly less
                  | encumbered by armour. (ER -2) [demonic ancestry]
   110 | D:1      | Reached XP level 2. HP: 19/24 MP: 2/2
   176 | D:1      | Reached skill level 3 in Axes
   302 | D:1      | Found a faded altar of an unknown god.
   767 | D:1      | Reached XP level 3. HP: 29/29 MP: 3/3
   934 | D:2      | Noticed a scorpion
  1036 | D:2      | Reached ** piety under Trog
  1350 | D:2      | Gained mutation: Your movements are less encumbered by
                  | armour. (ER -4) [demonic ancestry]
  1350 | D:2      | Reached XP level 4. HP: 32/35 MP: 4/4
  1475 | D:2      | Reached skill level 4 in Axes
  1477 | D:2      | Killed a scorpion
  1478 | D:2      | Reached skill level 1 in Evocations
  1478 | D:2      | Gained mutation: Spells you cast may paralyse adjacent
                  | enemies. [demonic ancestry]
  1478 | D:2      | Reached XP level 5. HP: 38/41 MP: 5/5
  2005 | D:3      | Noticed Grinder
  2005 | D:3      | Paralysed by Grinder for 2 turns
  2061 | D:3      | Killed Grinder
  2062 | D:3      | Reached skill level 5 in Axes
  2062 | D:3      | Gained mutation: You regenerate a little health from kills.
                  | [demonic ancestry]
  2062 | D:3      | Reached XP level 6. HP: 32/48 MP: 6/6
  2501 | D:3      | Found a runed translucent door.
  2502 | D:3      | Noticed Crazy Yiuf
  3020 | D:3      | Killed Crazy Yiuf
  3170 | D:4      | Noticed a sky beast
  3180 | D:4      | Killed a sky beast
  3181 | D:4      | Gained mutation: Spells you cast may paralyse nearby
                  | enemies. [demonic ancestry]
  3181 | D:4      | Reached XP level 7. HP: 54/54 MP: 7/7
  3200 | D:4      | Noticed Sigmund
  3716 | D:4      | Reached skill level 1 in Shields
  3829 | D:4      | Noticed Pikel
  3880 | D:4      | Noticed GigaChad's ghost (amateur MiFi)
  3905 | D:4      | Found a transporter.
  3908 | D:4      | Found a transporter.
  3923 | D:4      | Killed Sigmund
  3924 | D:4      | Reached skill level 6 in Axes
  4127 | D:5      | Entered Level 5 of the Dungeon
  4326 | D:5      | Reached XP level 8. HP: 59/61 MP: 8/8
  4351 | D:5      | Found Vemacat's Magic Scroll Emporium.
  4584 | D:5      | Reached skill level 7 in Axes
  5316 | D:6      | Reached *** piety under Trog
  5381 | D:6      | Found a staircase to the Ecumenical Temple.
  5508 | D:6      | Reached skill level 5 in Fighting
  5975 | D:7      | Noticed a cyan ugly thing
  6084 | D:7      | Reached skill level 8 in Axes
  6084 | D:7      | Reached XP level 9. HP: 51/68 MP: 9/9
  6687 | D:7      | Noticed a two-headed ogre
  6694 | D:7      | Killed a two-headed ogre
  6695 | D:7      | Reached skill level 9 in Axes
  6843 | D:7      | Killed a cyan ugly thing
  6844 | D:7      | Reached skill level 5 in Evocations
  6925 | D:7      | You fall into a shaft and drop 2 floors!
  6968 | D:9      | Reached XP level 10. HP: 76/76 MP: 10/10
  7097 | D:9      | Found a flagged portal.
  7108 | Bailey   | Entered a bailey
  7156 | Bailey   | Reached **** piety under Trog
  7158 | Bailey   | Reached skill level 10 in Axes
  7497 | Bailey   | Noticed an orc knight
  7520 | Bailey   | Killed an orc knight
  7521 | Bailey   | Reached skill level 5 in Dodging
  7560 | Bailey   | Found a bloodstained altar of Trog.
  7830 | D:8      | Reached skill level 1 in Stealth
  8793 | D:8      | Found a staircase to the Lair.
  9321 | D:9      | Reached skill level 11 in Axes
  9971 | D:9      | Gained mutation: You have sharp fingernails. [demonic
                  | ancestry]
  9971 | D:9      | Reached XP level 11. HP: 75/84 MP: 11/11
 10321 | D:10     | Entered Level 10 of the Dungeon
 10375 | D:10     | Noticed a two-headed ogre
 10377 | D:10     | Noticed Josephine
 10385 | D:10     | Killed a two-headed ogre
 10395 | D:10     | Killed Josephine
 10523 | D:10     | Noticed a boulder beetle
 10538 | D:10     | Killed a boulder beetle
 10786 | D:10     | Noticed Maggie
 10802 | D:10     | Killed Maggie
 10877 | D:10     | Noticed a two-headed ogre
 10887 | D:10     | Killed a two-headed ogre
 10947 | D:10     | Noticed Grum
 10967 | D:10     | Killed Grum
 11436 | D:9      | Reached skill level 5 in Armour
 11631 | D:10     | Reached skill level 12 in Axes
 11969 | D:11     | Noticed a two-headed ogre
 11981 | D:11     | Killed a two-headed ogre
 12043 | D:11     | Found Emusmu Meoh's Antique Armour Emporium.
 12044 | D:11     | Found Geatel's Distillery.
 12064 | D:11     | Found a staircase to the Orcish Mines.
 12220 | D:11     | Reached ***** piety under Trog
 12274 | D:11     | Noticed a six-headed hydra
 12284 | D:11     | Killed a one-headed hydra
 12805 | D:11     | Gained mutation: You have very sharp fingernails. [demonic
                  | ancestry]
 12805 | D:11     | Reached XP level 12. HP: 83/92 MP: 12/12
 13098 | D:11     | Found Wiqa's Assorted Antiques.
 13906 | D:12     | Found Kaloadgh's Assorted Antiques.
 13933 | D:12     | Bought a scroll of teleportation for 51 gold pieces
 14177 | D:12     | HP: 2/94 [meliai/divine providence (12)]
 14179 | D:12     | Killed from afar by a meliai

Illustrated notes

Levels and vault maps discovered:
D:1:      wander_arrival_fairy_ring, layout_basic,
          hellmonk_ecumenical_altar_leap_of_faith, glass_columns_a
D:2:      minmay_wonky_spiral, layout_basic
D:3:      layout_loops_cross, uniq_crazy_yiuf_cottage, uniq_grinder
D:4:      layout_cave_pools, gammafunk_ghost_arena, guppyfry_early_lair_pool,
          uniq_sigmund, uniq_pikel
D:5:      layout_loops_cross, mainiacjoe_overflow_surrounded_room, serial_shops,
          nicolae_shop_waterfront, minivault_25, minmay_crystal_room
D:6:      layout_basic, minmay_temple_entry_fiery
D:7:      layout_rooms, grunt_ministairs_2
D:8:      layout_gridville, erik_lair_island
D:9:      layout_irregular_city, enter_bailey_3, serial_glass, glass_columns_a,
          glass_columns_a, glass_columns_a, glass_columns_b, minmay_orc_keep
D:10:     layout_roguey, serial_curves, eino_curves_02, eino_curves_03,
          mumra_transporter_accident, chequers_jeans, nicolae_twisting_strands,
          minivault_10, uniq_grum, uniq_maggie, uniq_josephine
D:11:     layout_big_octagon, erik_orc_4, serial_shops, shop, shop,
          nicolae_shop_waterfront
D:12:     layout_rooms, nicolae_stop_n_shop_1, eino_jars

Skill      XL: |  1  2  3  4  5  6  7  8  9 10 11 12 |
---------------+-------------------------------------+-----
Dodging        | 2 3 4 6 |  6.9
Axes           | 3 4 5 6 8 9 11 12 | 12.5
Armour         | 2 3 4 5 |  5.4
Evocations     | 1 2 4 5 6 7 |  7.4
Fighting       | 4 5 6 7 8 |  8.4
Shields        | 1 2 3 4 |  4.1
Stealth        | 1 2 |  2.5

Action                   |  1- 3 |  4- 6 |  7- 9 | 10-12 || total
-------------------------+-------+-------+-------+-------++-------
Melee: Hand axe          |   111 |   111 |     2 |       ||   224
       Punch             |     2 |     2 |     7 |     3 ||    14
       War axe           |       |       |   279 |   455 ||   734
       Broad axe         |       |       |    32 |       ||    32
Invok: Berserk           |       |     5 |     7 |     6 ||    18
       Trog's Hand       |       |     1 |       |       ||     1
Evoke: Wand              |       |       |       |    18 ||    18
  Use: Scroll            |       |     2 |     8 |     9 ||    19
       Potion            |       |       |       |     1 ||     1
 Stab: Paralysed         |       |       |       |    17 ||    17
Armor: Animal skin       |    25 |       |       |       ||    25
       Ring mail         |    15 |       |       |       ||    15
       Chain mail        |    13 |    65 |   171 |   357 ||   606
Dodge: Dodged            |    88 |    84 |   146 |   234 ||   552
Block: Other             |       |    18 |    60 |    62 ||   140
       Reflection        |       |       |       |     7 ||     7
       Kite shield       |       |       |       |   258 ||   258
